 Dungeon Crawl Stone Soup version 0.31-a0-198-g2ad674f65e (webtiles) character file.

Game seed: 14668384887467745824

140 qw the Skirmisher (level 5, -1/29 HPs)
             Began as a Deep Elf Hunter on June 25, 2023.
             Slain by a gnoll
             ... wielding a +0 trident
             ... led by a gnoll bouda
              (7 damage)
             ... on level 3 of the Dungeon.
             The game lasted 00:00:34 (1151 turns).

qw the Skirmisher (Deep Elf Hunter)                 Turns: 1151, Time: 00:00:35

Health: -1/29      AC:  6    Str: 10    XL:     5   Next: 2%
Magic:  7/7        EV: 11    Int: 14    God:
Gold:   160        SH:  0    Dex: 18    Spells: 4/4 levels left

rFire   . . .        Y - +0 arbalest
rCold   . . .        (shield currently unavailable)
rNeg    . . .        f - +0 ring mail
rPois   .            (no helmet)
rElec   .            (no cloak)
rCorr   +            e - +0 pair of gloves
SInv    +            (no boots)
Will    .....        (no amulet)
Stlth   +            g - ring of see invisible
HPRegen 0.24/turn    h - ring of resist corrosion
MPRegen 0.10/turn

%: no passive effects
@: no status effects
A: no striking features
a: no special abilities


You were on level 3 of the Dungeon.
You visited 1 branch of the dungeon, and saw 3 of its levels.

You collected 160 gold pieces.


   Skills:
 - Level 1.5 Fighting
 + Level 8.4 Ranged Weapons
 - Level 2.4 Dodging
 - Level 1.2 Stealth


You had 4 spell levels left.
You didn't know any spells.
Your spell library was empty.

Inventory:

Hand Weapons
 Y - a +0 arbalest (weapon)
Armour
 e - a +0 pair of gloves (worn)
 f - a +0 ring mail (worn)
Jewellery
 b - a ring of ice
 g - a ring of see invisible (left hand)
 h - a ring of resist corrosion (right hand)
Potions
 a - a potion of brilliance {unknown}
 d - a potion of attraction {unknown}
 j - a potion of curing {unknown}

Dungeon Overview and Level Annotations

Branches:
Dungeon (3/15)

Altars:

Shops:
D:1 [


Message History

A gnoll bouda and a gnoll come into view.
Enter note:
Enter note: You shoot a bolt.
The bolt hits the gnoll bouda.
The gnoll bouda shouts!
The gnoll bouda is moderately wounded.
The gnoll shouts!
The gnoll bouda barks out a call to the hunt!
The gnoll picks up the pace!
A gnoll comes into view. It is wielding a +0 flail.
The gnoll shouts!
You shoot a bolt. The bolt hits the gnoll!
The gnoll is severely wounded.
A gnoll comes into view. It is wielding a +0 trident.
You shoot a bolt. The bolt barely misses the gnoll.
The bolt barely misses the gnoll bouda.
The gnoll shouts!
The bolt hits the gnoll.
The gnoll is moderately wounded.
You shoot a bolt. The bolt barely misses the gnoll.
The bolt hits the gnoll bouda.
The gnoll bouda is heavily wounded.
The gnoll hits you with a +0 flail. The gnoll barely misses you.
You shoot a bolt. The bolt hits the gnoll.
The gnoll is almost dead.
The gnoll hits you with a +0 flail.
You shoot a bolt. The bolt hits the gnoll bouda!!
You kill the gnoll bouda!
The gnoll hits you with a +0 flail!
Your Ranged Weapons skill increases to level 8!
You shoot a bolt. The bolt hits the gnoll.
You kill the gnoll!
The gnoll barely misses you.
The gnoll hits you from afar with a +0 trident.
You have reached level 5!
You shoot a bolt. The bolt hits the gnoll.
The gnoll is heavily wounded.
The gnoll barely misses you.
The gnoll hits you from afar with a +0 trident!
You die...

..# #)# #.# #.# #.#
#g# #g# #@# ##+## #.#
##...## ##.####
###.....## #.....#
.#.......## ##.###.#
..........####..# #.#
..........'.....###.#
..........####......#
.#.......## ##.#.###


You could see 2 gnolls.

Vanquished Creatures
  A gnoll bouda (D:3)
  2 gnolls (D:3)
  3 adders
  A worm (D:2)
  A dart slug (D:2)
  3 orcs (D:3)
  5 ball pythons
  5 endoplasms
  4 giant cockroaches
  2 goblins (D:2)
  5 hobgoblins
  6 jackals (D:1)
  3 kobolds
  2 quokkas (D:2)
  4 bats
  3 frilled lizards
  4 rats
54 creatures vanquished.

Notes
Turn   | Place    | Note
-------+----------+-------------------------------------------
     0 | D:1      | qw the Deep Elf Hunter began the quest for the Orb.
     0 | D:1      | Reached XP level 1. HP: 12/12 MP: 3/3
     0 | D:1      | 0 ||| qw: Version: 0.3-a-22-g0ed2b0b
     0 | D:1      | 0 ||| qw: Game counter: 5334
     0 | D:1      | 0 ||| qw: Melee chars always use a shield: true
     0 | D:1      | 0 ||| qw: God list: Okawaru
     0 | D:1      | 0 ||| qw: Allow faded altars: false
     0 | D:1      | 0 ||| qw: Do Orc after clearing Dungeon:15 true
     0 | D:1      | 0 ||| qw: Do second Lair branch before Depths: true
     0 | D:1      | 0 ||| qw: Lair rune preference: random
     0 | D:1      | 0 ||| qw: Goals: Normal
     0 | D:1      | 0 ||| PLANNING D:1-11
   122 | D:1      | Reached skill level 6 in Ranged Weapons
   122 | D:1      | Reached XP level 2. HP: 12/16 MP: 4/4
   386 | D:1      | Found Celod's Armour Emporium.
   399 | D:1      | 399 ||| SHOPLISTING +2 ring mail of cold resistance (252
                  | gold, have 56).
   510 | D:1      | 510 ||| UPGRADING to +0 pair of gloves.
   515 | D:1      | 515 ||| UPGRADING to +0 ring mail.
   525 | D:1      | 525 ||| DROPPING +0 leather armour.
   526 | D:1      | 526 ||| DROPPING scroll of butterflies.
   566 | D:2      | Reached XP level 3. HP: 20/20 MP: 5/5
   573 | D:2      | 573 ||| SWAPPING to +0 arbalest.
   574 | D:2      | 574 ||| DROPPING +0 shortbow.
   698 | D:2      | Reached skill level 7 in Ranged Weapons
   841 | D:2      | Reached XP level 4. HP: 25/25 MP: 6/6
   939 | D:2      | 939 ||| UPGRADING to ring of see invisible.
   940 | D:2      | 940 ||| UPGRADING to ring of resist corrosion.
   941 | D:2      | 941 ||| READING 3 scrolls labelled MIHOTSIDAP.
   942 | D:2      | 942 ||| READING scroll labelled XATEDO WUATUMI.
   943 | D:2      | 943 ||| READING scroll labelled TEUMEUGOCA.
   944 | D:2      | 944 ||| READING 2 scrolls labelled FUIRAE MOITAUT.
   945 | D:2      | 945 ||| DROPPING 2 scrolls of fear.
   946 | D:2      | 946 ||| DROPPING scroll of noise.
  1150 | D:3      | Reached skill level 8 in Ranged Weapons
  1150 | D:3      | HP: 5/25 [gnoll/+0 trident[a gnoll bouda] (3)]
  1151 | D:3      | Reached XP level 5. HP: 6/29 MP: 7/7
  1151 | D:3      | Slain by a gnoll

Levels and vault maps discovered:
D:1:      shiori_arrival_elements, layout_rooms, serial_shops,
          nicolae_shop_crystal
D:2:      layout_basic, minmay_stone_trees_small
D:3:      layout_loops_corners, gammafunk_ghost_icy, minivault_11

Skill      XL: |  1  2  3  4 |
---------------+-------------+-----
Ranged Weapons | 6 7 8 |  8.4
Fighting       | |  1.5
Dodging        | |  2.4
Stealth        | |  1.2

Action                     |  1- 3 |  4- 6 || total
---------------------------+-------+-------++-------
   Fire: Shortbow          |    71 |       ||    71
         Arbalest          |    32 |    32 ||    64
    Use: Scroll            |       |     4 ||     4
 Armour: Leather armour    |     9 |       ||     9
         Ring mail         |     6 |     4 ||    10
  Dodge: Dodged            |    43 |    16 ||    59

Table legend:
 A = Non-vault XP
 B = Vault XP
 C = Vault XP percentage of total XP
 D = Non-vault monster count
 E = Vault monster count
 F = Vault count percentage of total count
                 A         B        C        D         E       F
            +---------+---------+-------+---------+---------+-------
      Total |     201 |       0 |   0.0 |      54 |       0 |   0.0
            +---------+---------+-------+---------+---------+-------
        D:1 |      39 |       0 |   0.0 |      23 |       0 |   0.0
        D:2 |      61 |       0 |   0.0 |      19 |       0 |   0.0
        D:3 |     101 |       0 |   0.0 |      12 |       0 |   0.0
            +---------+---------+-------+---------+---------+-------
